 Dungeon Sprint DCSS version 0.28-a0-938-gbc3f381ebc (webtiles) character file.

Game seed: 6146116077483629816

12598 mhtbhm the Wrestler (level 11, -1/123 HPs)
             Began as a Troll Berserker on Nov 28, 2021.
             Was the Champion of Trog.
             Slain by an orc warrior (14 damage)
             ... in the Dungeon (Sprint IX: "|||||||||||||||||||||||||||||").
             The game lasted 00:03:05 (1393 turns).

mhtbhm the Wrestler (Troll Berserker)               Turns: 1393, Time: 00:03:05

Health: -1/123     AC:  5    Str: 30    XL:     11   Next: 64%
Magic:  10/10      EV: 13    Int:  3    God:    Trog [******]
Gold:   666        SH:  0    Dex:  9    Spells: 10/10 levels left

rFire   . . .      SeeInvis .     - Unarmed
rCold   . . .      Faith    .   (no shield)
rNeg    . . .      Spirit   .   a - +0 animal skin
rPois   .          Reflect  .   (helmet restricted)
rElec   .          Harm     .   q - +0 cloak
rCorr   .          Rampage  .   (gloves unavailable)
Will    .....      NoTele   +   (boots unavailable)
Stlth   ++........              (no amulet)
HPRegen 1.10/turn               (no ring)
MPRegen 0.12/turn               (no ring)

@: on berserk cooldown, slowed, very slow
A: large, unfitting armour, claws 3, regeneration 1, shaggy fur 1, tough skin 1
a: Renounce Religion, Berserk, Trog's Hand, Brothers in Arms


You were in the Dungeon.
You worshipped Trog.
Trog was exalted by your worship.
You visited 1 branch You collected 666 gold pieces.

Inventory:

Missiles
 r - 3 throwing nets (quivered)
 s - 3 curare-tipped darts
 t - 3 silver boomerangs
Armour
 a - a +0 animal skin (worn)
 q - a +0 cloak (worn)
Jewellery
 j - a +3 ring of dexterity
 k - a +3 ring of dexterity
 m - a ring of resist corrosion
Wands
 i - a wand of acid (4)
Scrolls
 g - 3 scrolls of blinking
 n - a scroll of silence
 o - a scroll of identify
 p - 2 scrolls of enchant weapon
Potions
 b - 9 potions of curing
 c - 5 potions of heal wounds
 d - 4 potions of haste
 e - 4 potions of magic
 f - a potion of berserk rage
 h - a potion of invisibility
 l - a potion of mutation


   Skills:
 + Level 11.7 Fighting
 + Level 12.1 Dodging
 - Level 1.6 Stealth
 + Level 21.7 Unarmed Combat
 + Level 2.0 Evocations


You had 10 spell levels left.
You didn't know any spells.
Your spell library was empty.

Dungeon Overview and Level Annotations

Branches:
Dungeon (1/1)

Altars:
Cheibriados
Dithmenos
Elyvilon
Fedhas
Gozag
Hepliaklqana
Kikubaaqudgha
Makhleb
Nemelex Xobeh
Okawaru
Qazlal
Ru
Sif Muna
Trog
Uskayaw
Vehumet
Wu Jian
Xom
Yredelemnul
Zin
The Shining One
Beogh
Jiyva
Lugonu


Innate Abilities, Weirdness & Mutations

You are too large for most types of armour.
You have claws for hands.
Your natural rate of healing is unusually fast.
You are covered in fur. (AC +1)
You have tough skin. (AC +1)


Message History

The orc sorcerer is heavily wounded.
The bolt of acid hits the orc warrior!
The acid corrodes the orc warrior!
The orc warrior is heavily wounded.
The orc warrior completely misses you.
The orc sorcerer mumbles some strange words.
The orc warrior completely misses you.
You scratch the orc warrior. Your claw misses the orc warrior.
The orc warrior is moderately wounded.
The orc warrior no longer looks unusually strong.
You claw the orc sorcerer!
The orc sorcerer is almost dead.
The orc sorcerer no longer looks unusually strong.
You closely miss the orc sorcerer. Your claw misses the orc sorcerer.
The orc sorcerer is almost dead.
The orc sorcerer points at you and mumbles some strange words.
The bolt of fire hits you!!
* * * LOW HITPOINT WARNING * * *
You closely miss the orc sorcerer.
The orc sorcerer is severely wounded.
The orc sorcerer closely misses you.
You mangle the orc sorcerer!!
You kill the orc sorcerer!
Trog accepts your kill.
Trog appreciates your killing of a magic user.
The neqoxec disappears in a puff of smoke!
Your Evocations skill increases to level 2!
The orc warrior no longer looks unusually strong.
The orc warrior hits you with a +0 hand axe!
* * * LOW HITPOINT WARNING * * *
The orc warrior hits you with a +0 hand axe!
* * * LOW HITPOINT WARNING * * *
Items here: $ )) [[ ††.
Unknown command.
You eviscerate the orc warrior!!!
You kill the orc warrior!
Trog accepts your kill.
You closely miss the orc warrior.
The orc warrior is heavily wounded.
The orc warrior hits you with a +0 war axe!
You die...

▓.▓.▓)▓.▓
▓'▓.▓'▓.▓
▓_▓.▓.▓.▓+▓
▓_▓.▓.▓.▓.▓
▓_▓.▓.▓.▓.▓
▓_▓.▓.▓.▓.▓
▓_▓.▓.▓.▓.▓
▓_▓.▓.▓.▓o▓
▓_▓.▓.▓.▓@▓
▓_▓.▓.▓.▓)▓
▓_▓.▓)▓.▓)▓
▓_▓.▓†▓.▓)▓
▓_▓.▓.▓.▓)▓
▓_▓.▓.▓.▓)▓
▓_▓.▓.▓.▓)▓
▓_▓.▓.▓.▓'▓
▓_▓.▓.▓.▓.▓


You could see an orc warrior (corroded).

Vanquished Creatures
  A hydra (D)
  2 centaur warriors (D)
  Harold (D)
  Sonja (D)
  3 lindwurms (D)
  2 orc knights (D)
  An orc sorcerer (D)
  A cyclops (D)
  A manticore (D)
  A black mamba (D)
  4 cane toads (D)
  3 komodo dragons (D)
  2 tyrant leeches (D)
  3 blink frogs (D)
  3 yaks (D)
  A wraith (D)
  A water moccasin (D)
  9 orc warriors (D)
  An ogre (D)
  2 centaurs (D)
  3 bullfrogs (D)
  A killer bee (D)
  A howler monkey (D)
  2 iguanas (D)
  An orc wizard (D)
  3 worms (D)
  11 orcs (D)
  2 ball pythons (D)
  A hobgoblin (D)
  2 jackals (D)
  A frilled lizard (D)
  A rat (D)
72 creatures vanquished.

Vanquished Creatures (collateral kills)
  A two-headed ogre (D)
  An ugly thing (D)
2 creatures vanquished.

Grand Total: 74 creatures vanquished

Notes
Turn   | Place    | Note
-------+----------+-------------------------------------------
     0 | D        | mhtbhm the Troll Berserker began the quest for the Orb.
     0 | D        | Reached XP level 1. HP: 22/22 MP: 0/0
     8 | D        | Reached ** piety under Trog
    17 | D        | Noticed an iguana
    17 | D        | Noticed an iguana
    17 | D        | Noticed an ogre
    22 | D        | Killed an ogre
    23 | D        | Reached skill level 6 in Unarmed Combat
    23 | D        | Reached XP level 2. HP: 23/33 MP: 1/1
    23 | D        | Reached XP level 3. HP: 29/40 MP: 2/2
    23 | D        | Reached XP level 4. HP: 35/49 MP: 3/3
    26 | D        | Reached *** piety under Trog
    29 | D        | Reached skill level 5 in Fighting
    33 | D        | Reached skill level 5 in Dodging
    33 | D        | Reached XP level 5. HP: 23/57 MP: 4/4
    76 | D        | Found a snail-covered altar of Cheibriados.
    76 | D        | Found a shadowy altar of Dithmenos.
    76 | D        | Found a white marble altar of Elyvilon.
    76 | D        | Found a blossoming altar of Fedhas.
    76 | D        | Found an opulent altar of Gozag.
    77 | D        | Found a hazy altar of Hepliaklqana.
    78 | D        | Found a viscous altar of Jiyva.
    79 | D        | Found an ancient bone altar of Kikubaaqudgha.
    80 | D        | Found a corrupted altar of Lugonu.
    81 | D        | Found a burning altar of Makhleb.
    82 | D        | Found a sparkling altar of Nemelex Xobeh.
    83 | D        | Found an iron altar of Okawaru.
    84 | D        | Found a stormy altar of Qazlal.
    85 | D        | Found a sacrificial altar of Ru.
    86 | D        | Found a shimmering blue altar of Sif Muna.
    87 | D        | Found a bloodstained altar of Trog.
    88 | D        | Found a hide-covered altar of Uskayaw.
    89 | D        | Found a radiant altar of Vehumet.
    90 | D        | Found an ornate altar of the Wu Jian Council.
    91 | D        | Found a shimmering altar of Xom.
    92 | D        | Found a basalt altar of Yredelemnul.
    93 | D        | Found a glowing silver altar of Zin.
    94 | D        | Found a glowing golden altar of the Shining One.
   130 | D        | Noticed a centaur
   130 | D        | Noticed a centaur
   130 | D        | Noticed a wraith
   130 | D        | Noticed a yak
   134 | D        | Killed a yak
   134 | D        | Reached **** piety under Trog
   135 | D        | Reached skill level 8 in Unarmed Combat
   135 | D        | Reached XP level 6. HP: 68/68 MP: 5/5
   139 | D        | Killed a wraith
   140 | D        | Reached skill level 9 in Unarmed Combat
   142 | D        | Reached skill level 10 in Unarmed Combat
   146 | D        | Reached XP level 7. HP: 64/78 MP: 6/6
   155 | D        | Reached ***** piety under Trog
   156 | D        | Reached skill level 11 in Unarmed Combat
   198 | D        | Noticed a red ugly thing
   198 | D        | Noticed a two-headed ogre
   198 | D        | Noticed a centaur warrior
   198 | D        | Noticed a cyclops
   198 | D        | Noticed a manticore
   198 | D        | Noticed a centaur warrior
   204 | D        | Killed a centaur warrior
   205 | D        | Reached skill level 12 in Unarmed Combat
   205 | D        | Reached XP level 8. HP: 89/89 MP: 7/7
   208 | D        | Killed a manticore
   209 | D        | Reached skill level 13 in Unarmed Combat
   210 | D        | Killed a cyclops
   210 | D        | Received a gift from Trog
   211 | D        | Reached skill level 14 in Unarmed Combat
   211 | D        | Reached XP level 9. HP: 68/98 MP: 8/8
   218 | D        | Killed a centaur warrior
   219 | D        | Reached skill level 15 in Unarmed Combat
   223 | D        | Killed a two-headed ogre
   224 | D        | Reached skill level 10 in Fighting
   224 | D        | Reached skill level 10 in Dodging
   224 | D        | Killed a red ugly thing
   225 | D        | Reached skill level 16 in Unarmed Combat
   612 | D        | Noticed a cane toad
   612 | D        | Noticed a komodo dragon
   612 | D        | Noticed an eight-headed hydra
   612 | D        | Noticed a komodo dragon
   613 | D        | Noticed a cane toad
   614 | D        | Killed a komodo dragon
   616 | D        | Killed a ten-headed hydra
   617 | D        | Reached XP level 10. HP: 111/111 MP: 9/9
   619 | D        | Reached skill level 17 in Unarmed Combat
   620 | D        | Killed a cane toad
   625 | D        | Killed a cane toad
   634 | D        | Reached skill level 1 in Stealth
   634 | D        | Received a gift from Trog
   683 | D        | Noticed a cane toad
   683 | D        | Noticed a cane toad
   684 | D        | Noticed a black mamba
   689 | D        | Killed a cane toad
   690 | D        | Reached skill level 18 in Unarmed Combat
   693 | D        | Killed a cane toad
   695 | D        | Reached skill level 1 in Evocations
   709 | D        | Killed a black mamba
   709 | D        | Identified the +6 hand axe of Income {vorpal, Str+5} (Trog
                  | gifted it to you in the Dungeon)
   709 | D        | Received a gift from Trog
   710 | D        | Reached skill level 19 in Unarmed Combat
   799 | D        | Noticed a lindwurm
   799 | D        | Noticed a lindwurm
   803 | D        | Killed a lindwurm
   804 | D        | Reached XP level 11. HP: 120/120 MP: 10/10
   804 | D        | Noticed a lindwurm
   805 | D        | Killed a lindwurm
   805 | D        | Reached ****** piety under Trog
   993 | D        | Killed a lindwurm
   993 | D        | Received a gift from Trog
   994 | D        | Reached skill level 20 in Unarmed Combat
  1062 | D        | Noticed Harold
  1071 | D        | Killed Harold
  1142 | D        | Noticed Sonja
  1150 | D        | Killed Sonja
  1219 | D        | Received a gift from Trog
  1240 | D        | Received a gift from Trog
  1356 | D        | Noticed an orc knight
  1362 | D        | Noticed an orc knight
  1369 | D        | Killed an orc knight
  1370 | D        | Reached skill level 21 in Unarmed Combat
  1374 | D        | Noticed an orc sorcerer
  1382 | D        | Killed an orc knight
  1384 | D        | Received a gift from Trog
  1390 | D        | Killed an orc sorcerer
  1393 | D        | Slain by an orc warrior

Illustrated notes

Levels and vault maps discovered:
D:        linesprint [early_d, line_temple, items_1, d_10, items_2, lair_1,
          lair_end, items_3, orc_1, orc_end, items_4, d_15, swamp_1, shoals_1,
          snake_1, spider_1, d_20, vaults_1, items_5, swamp_end, shoals_end,
          snake_end, spider_end, vaults_end, d_27, items_6, zot_1, zot_end,
          crypt_end, forest_end, elf_end, slime_end, tomb_end, abyss_end,
          pan_hell_end]

Skill      XL: |  1  2  3  4  5  6  7  8  9 10 11 |
---------------+----------------------------------+-----
Fighting       | 4 5 6 7 8 9 10 11 | 11.7
Dodging        | 4 5 6 7 8 9 10 11 12 | 12.1
Unarmed Combat | 6 8 10 12 14 16 19 21 | 21.7
Stealth        | 1 |  1.6
Evocations     | 1 2 |  2.0

Action                   |  1- 3 |  4- 6 |  7- 9 | 10-12 || total
-------------------------+-------+-------+-------+-------++-------
Melee: Unarmed           |    11 |    24 |    28 |   119 ||   182
       Punch             |       |       |       |     8 ||     8
Invok: Berserk           |     1 |     1 |     2 |     5 ||     9
       Brothers in Arms  |       |       |     1 |       ||     1
Evoke: Wand              |       |       |     2 |     4 ||     6
  Use: Scroll            |       |       |     1 |     1 ||     2
Armor: Animal skin       |     2 |     5 |     7 |     5 ||    19
Dodge: Dodged            |       |     6 |     7 |    39 ||    52

Table legend: (Time is in decaauts)
 A = Elapsed time spent in this place.
 B = Non-inter-level travel time spent in this place.
 C = Inter-level travel time spent in this place.
 D = Time resting spent in this place.
 E = Time spent auto-exploring this place.
 F = Levels seen in this place.
 G = Mean time per level.
                   A        B        C        D        E       F      G
               +--------+--------+--------+--------+--------+-----+--------+
         Total |   1405 |   1405 |      0 |    788 |     59 |   1 | 1405.0 |
       Dungeon |   1405 |   1405 |      0 |    788 |     59 |   1 | 1405.0 |
               +--------+--------+--------+--------+--------+-----+--------+

Top non-repeatable levels by time:
       D: 1405 daAuts
